 Dungeon Crawl Stone Soup version 0.31.0-32-g396128a36d (webtiles) character file.

Game seed: 847628146132501324

114 601d51SH the Shield-Bearer (level 4, -3/41 HPs)
             Began as a Gnoll Fighter on Mar 31, 2024.
             Slain by an orc
             ... wielding a +1 flail of protection
              (8 damage)
             ... on level 4 of the Dungeon.
             The game lasted 00:03:54 (2476 turns).

601d51SH the Shield-Bearer (Gnoll Fighter)          Turns: 2476, Time: 00:03:55

Health: -3/41      AC:  7    Str: 17    XL:     4   Next: 97%
Magic:  6/6        EV:  9    Int:  8    God:
Gold:   85         SH:  5    Dex: 11    Spells: 5/5 levels left

rFire   . . .        a - +0 trident
rCold   . . .        c - +0 buckler
rNeg    . . .        b - +0 scale mail
rPois   .            (no helmet)
rElec   .            (no cloak)
rCorr   .            (no gloves)
SInv    .            (no boots)
Will    .....        (no amulet) Stlth
                     (no ring)
HPRegen 0.26/turn    (no ring)
MPRegen 0.10/turn

%: no passive effects
@: no status effects
A: fangs 1, strong nose, distributed training
a: no special abilities


You were on level 4 of the Dungeon.
You visited 1 branch of the dungeon, and saw 4 of its levels.

You collected 85 gold pieces.

Inventory:

Hand Weapons
 a - a +0 trident (weapon)
Armour
 b - a +0 scale mail (worn)
 c - a +0 buckler (worn)
Talismans
 i - a beast talisman
Wands
 s - a wand of digging (5)
Scrolls
 e - 3 scrolls of teleportation {unknown}
 f - a scroll of fog {unknown}
 g - 2 scrolls of immolation {unknown}
 j - 2 scrolls of revelation {unknown}
 k - a scroll of enchant armour {unknown}
 l - a scroll of identify {unknown}
 u - a scroll of summoning {unknown}
Potions
 d - a potion of might
 h - a potion of resistance {unknown}
 m - a potion of attraction {unknown}
 n - a potion of enlightenment {unknown}
 o - 2 potions of heal wounds {unknown}
 p - a potion of cancellation {unknown}
 q - a potion of curing {unknown}
 r - a potion of magic {unknown}
 t - a potion of lignification {unknown}


   Skills:
 + Level 6.6 Fighting
 + Level 1.3 Short Blades
 + Level 1.3 Long Blades
 + Level 1.3 Axes
 + Level 1.3 Maces & Flails
 + Level 4.7 Polearms
 + Level 1.3 Staves
 + Level 1.3 Ranged Weapons
 + Level 1.3 Throwing
 + Level 6.6 Armour
 + Level 1.3 Dodging
 + Level 1.3 Stealth
 + Level 6.6 Shields
 + Level 1.3 Unarmed Combat
 + Level 1.3 Spellcasting
 + Level 1.1 Conjurations
 + Level 1.1 Hexes
 + Level 1.1 Summonings
 + Level 1.1 Necromancy
 + Level 1.1 Translocations
 + Level 1.1 Fire Magic
 + Level 1.1 Ice Magic
 + Level 1.1 Air Magic
 + Level 1.1 Earth Magic
 + Level 1.1 Alchemy
 + Level 1.5 Invocations
 + Level 1.3 Evocations
 + Level 1.2 Shapeshifting


You had 5 spell levels left.
You didn't know any spells.
Your spell library was empty.

Dungeon Overview and Level Annotations

Branches:
Dungeon (4/15)
 Temple: D:4-7

Altars:
Okawaru
Ru

Shops:
D:2 [:(=

Annotations:
D:4 Pikel


Innate Abilities, Weirdness & Mutations

You have very sharp teeth.
Your uncanny sense of smell can sniff out nearby items.
Your experience applies equally to all skills.


Message History

You block the orc's attack.
There is a stone staircase leading down here.
You climb downwards.
The orc shouts! x2
There is a stone staircase leading up here.
There are monsters nearby!
There are monsters nearby!
An orc comes into view. It is wielding a +0 trident.
The orc shouts!
You open the door. 3 lemures come into view.
The lemure shouts! x2
The lemure moves out of view.
Pikel, Merchant of Souls comes into view.
He is wielding a +0 whip of freezing and wearing a +2 robe of cold resistance.
Pikel moves out of view.
You open the door. The lemure hits you. The lemure attacks as it pursues you!
The lemure hits you but does no damage. The orc attacks as it pursues you!
The orc hits you from afar with a +0 trident.
There is an open door here.
You open the door. You block the orc's attack.
There is an open door here.
The orc attacks as it pursues you!
The orc hits you with a +1 flail of protection.
* * * LOW HITPOINT WARNING * * *
The orc attacks as it pursues you!
The orc hits you with a +1 flail of protection.
* * * LOW HITPOINT WARNING * * *
Found a lumpy brown potion.
The orc attacks as it pursues you!
The orc hits you with a +1 flail of protection.
* * * LOW HITPOINT WARNING * * *
The orc attacks as it pursues you! The orc barely misses you.
The orc attacks as it pursues you! The orc completely misses you.
The orc attacks as it pursues you!
The orc hits you with a +1 flail of protection!
* * * LOW HITPOINT WARNING * * *
The orc attacks as it pursues you! The orc barely misses you.
The orc attacks as it pursues you!
The orc hits you with a +1 flail of protection!
You die...

#........# ∆
.....##..##....#
.....##..##....#
........5.#.....#
!.......o#.....#
..#####..##....#
##.5##....#
#...##....# ∆
#..5##@...#
+....o....#
#.........#
###########


You could see an orc.

Vanquished Creatures
  An orc wizard (D:3)
  3 adders (D:3)
  A ribbon worm (D:2)
  A dart slug (D:1)
  An orc (D:3)
  2 endoplasms
  2 giant cockroaches (D:3)
  4 goblins
  4 hobgoblins
  2 jackals (D:2)
  7 quokkas
  4 ball pythons
  6 bats
  8 frilled lizards
  6 kobolds
  6 rats
58 creatures vanquished.

Notes
Turn   | Place    | Note
-------+----------+-------------------------------------------
     0 | D:1      | 601d51SH the Gnoll Fighter began the quest for the Orb.
     0 | D:1      | Reached XP level 1. HP: 23/23 MP: 1/1
   189 | D:1      | Reached XP level 2. HP: 29/29 MP: 2/2
  1031 | D:2      | Found Kionyo Menk's Weapon Boutique.
  1150 | D:2      | Found Xeismes's Book Shoppe.
  1177 | D:2      | Reached XP level 3. HP: 35/35 MP: 3/3
  1332 | D:2      | Found Emowuirgh's Jewellery Shoppe.
  1336 | D:2      | Reached skill level 1 in Invocations
  1558 | D:2      | Found a faded altar of an unknown god.
  1633 | D:2      | Found Ishraz's Armour Emporium.
  1975 | D:3      | Reached skill level 1 in Short Blades
  1975 | D:3      | Reached skill level 1 in Long Blades
  1975 | D:3      | Reached skill level 1 in Axes
  1975 | D:3      | Reached skill level 1 in Maces & Flails
  1975 | D:3      | Reached skill level 1 in Staves
  1975 | D:3      | Reached skill level 1 in Ranged Weapons
  1975 | D:3      | Reached skill level 1 in Throwing
  1975 | D:3      | Reached skill level 1 in Dodging
  1975 | D:3      | Reached skill level 1 in Stealth
  1975 | D:3      | Reached skill level 1 in Unarmed Combat
  1975 | D:3      | Reached skill level 1 in Spellcasting
  1975 | D:3      | Reached skill level 1 in Evocations
  2038 | D:3      | Reached skill level 1 in Shapeshifting
  2038 | D:3      | Reached XP level 4. HP: 41/41 MP: 5/5
  2066 | D:3      | Found an iron altar of Okawaru.
  2250 | D:3      | Found a sacrificial altar of Ru.
  2262 | D:3      | Reached skill level 1 in Conjurations
  2262 | D:3      | Reached skill level 1 in Hexes
  2262 | D:3      | Reached skill level 1 in Summonings
  2262 | D:3      | Reached skill level 1 in Necromancy
  2262 | D:3      | Reached skill level 1 in Translocations
  2262 | D:3      | Reached skill level 1 in Fire Magic
  2262 | D:3      | Reached skill level 1 in Ice Magic
  2262 | D:3      | Reached skill level 1 in Air Magic
  2262 | D:3      | Reached skill level 1 in Earth Magic
  2262 | D:3      | Reached skill level 1 in Alchemy
  2449 | D:4      | Noticed a lemure
  2449 | D:4      | Noticed a lemure
  2449 | D:4      | Noticed a lemure
  2450 | D:4      | Noticed Pikel
  2476 | D:4      | Slain by an orc

Illustrated notes

Levels and vault maps discovered:
D:1:      mainiacjoe_arrival_oval_in_oval, layout_basic
D:2:      layout_basic, serial_shops, shop, shop, shop, shop,
          chequers_ecumenical_altar_grove, roderic_serpentine_path,
          hangedman_decor_clover_reticule, minmay_misc_feat_secret_circle
D:3:      layout_rooms, okawaru_trees_1, nicolae_ru_great_annihilating_truth,
          nrook_campfire, hangedman_decor_peaks_small
D:4:      layout_gridville, uniq_pikel, uniq_blork_the_orc

Skill      XL: |  1  2  3  4 |
---------------+-------------+-----
Invocations    | 1 |  1.5
Short Blades   | 1 |  1.3
Long Blades    | 1 |  1.3
Axes           | 1 |  1.3
Maces & Flails | 1 |  1.3
Staves         | 1 |  1.3
Ranged Weapons | 1 |  1.3
Throwing       | 1 |  1.3
Dodging        | 1 |  1.3
Stealth        | 1 |  1.3
Unarmed Combat | 1 |  1.3
Spellcasting   | 1 |  1.3
Evocations     | 1 |  1.3
Shapeshifting  | 1 |  1.2
Conjurations   | 1 |  1.1
Hexes          | 1 |  1.1
Summonings     | 1 |  1.1
Necromancy     | 1 |  1.1
Translocations | 1 |  1.1
Fire Magic     | 1 |  1.1
Ice Magic      | 1 |  1.1
Air Magic      | 1 |  1.1
Earth Magic    | 1 |  1.1
Alchemy        | 1 |  1.1
Fighting       | |  6.6
Polearms       | |  4.7
Armour         | |  6.6
Shields        | |  6.6

Action                     |  1- 3 |  4- 6 || total
---------------------------+-------+-------++-------
  Melee: Trident           |   128 |    57 ||   185
         Bite              |     8 |     3 ||    11
   Stab: Paralysed         |       |     2 ||     2
         Invisible         |       |     1 ||     1
 Armour: Scale mail        |    54 |    45 ||    99
  Dodge: Dodged            |    35 |    30 ||    65
  Block: Buckler           |    30 |    16 ||    46
